 Dungeon Crawl Stone Soup version 0.20.1-1-g8b1a95d (webtiles) character file.

107 Inchmeat the Poker (level 4, -1/33 HPs)
             Began as a Merfolk Skald on Nov 23, 2017.
             Slain by Natasha (5 damage)
             ... on level 1 of the Dungeon.
             The game lasted 00:04:32 (2161 turns).

Inchmeat the Poker (Merfolk Skald)                  Turns: 2161, Time: 00:04:33

Health: -1/33      AC:  4    Str: 11    XL:     4   Next: 85%
Magic:  4/7        EV: 12    Int: 13    God:
Gold:   65         SH:  0    Dex: 13    Spells: 6/7 levels left

rFire    . . .     SeeInvis .   a - +0 spear
rCold    . . .     Gourm    .   (no shield)
rNeg     . . .     Faith    .   b - +0 leather armour
rPois    .         Spirit   .   i - +0 helmet
rElec    .         Reflect  .   (no cloak)
rCorr    .         Harm     .   (no gloves)
MR       .....                  (no boots)
Stlth    +.........             (no amulet)
Regen    0.2/turn               (no ring)
MPRegen  0.1/turn               (no ring)

@: infused, slowed, very slow
A: change form in water, swift swim, stealthy swim
a: no special abilities


You were on level 1 of the Dungeon.
You were not hungry.

You visited 1 branch of the dungeon, and saw 2 of its levels.

You collected 65 gold pieces.

Inventory:

Hand Weapons
 a - a +0 spear (weapon)
Armour
 b - a +0 leather armour (worn)
 i - a +0 helmet (worn)
Scrolls
 e - 3 scrolls of enchant weapon {unknown}
 f - a scroll of recharging {unknown}
 h - a scroll of blinking {unknown}
Books
 c - a book of Battle

   Spells                             Type                      Level
   a - Infusion                       Charms                       1
   b - Shroud of Golubria             Charms/Translocation         2
   c - Song of Slaying                Charms                       2
   d - Spectral Weapon                Hexes/Charms                 3
   e - Regeneration                   Charms/Necromancy            3
Comestibles
 d - a bread ration
 g - a royal jelly
 j - 2 fruits


   Skills:
 - Level 2.1 Fighting
 * Level 7.1 Polearms
 - Level 0.6 Armour
 - Level 2.6 Dodging
 - Level 2.0 Spellcasting
 - Level 3.2 Charms


You had 6 spell levels left.
You knew the following spells:

 Your Spells              Type           Power        Failure   Level  Hunger
a - Infusion              Chrm           #...         9%          1    ##.....


Dungeon Overview and Level Annotations

Branches:
Dungeon (2/15)

Altars:

Annotations:
D:1 Natasha
D:2 Sigmund


Message History

Natasha be lightly wounded.
Natasha claws ye!
Ye hit Natasha!
Natasha be severely wounded.
Ye barely miss Natasha.
Natasha be severely wounded.
Natasha casts a spell at ye.
Ye feel yerself slow down.
Ye barely miss Natasha.
Natasha be severely wounded.
Natasha claws ye.
Ye closely miss Natasha.
Natasha be severely wounded.
Natasha claws ye.
Ye barely miss Natasha.
Natasha be severely wounded.
Natasha claws ye.
* * * LOW HITPOINT WARNIN'
* * * Natasha claws ye.
Ye die...

.....≈≈≈.....≈≈≈.....#### #.#
.....≈≈.......≈≈........# #.#
...≈≈≈≈...<...≈≈≈≈......# #.#
.≈≈≈≈≈≈≈.....≈≈≈≈≈≈≈....# #.#
≈≈≈≈≈≈≈≈.....≈≈≈≈≈≈≈≈≈..# #.#
≈≈≈≈≈≈≈≈≈≈≈≈≈≈≈≈≈≈≈≈≈≈≈≈# #.#
........≈≈≈≈≈...........# #.#
.........≈≈≈............# #.#
#........≈≈≈.)..@h...#### #.#
..........≈........#..#######.#
..........≈....)...#..........#
...................#.##########
........#####....#..........#
#...##### #......########.#
#...# ##.)#.## #.#
...###########..#.# #.#
(...............#.# #.#


You could see Natasha.

Vanquished Creatures
  Natasha (twice) (D:1)
  An adder (D:2)
  2 dart slugs (D:1)
  3 leopard geckos (D:1)
  A giant cockroach (D:1)
  7 goblins
  7 hobgoblins
  8 kobolds
  4 bats (D:1)
  A frilled lizard (D:2)
  5 rats (D:1)
41 creatures vanquished.

Notes
Turn   | Place    | Note
-------+----------+-------------------------------------------
     0 | D:1      | Inchmeat the Merfolk Skald began the quest for the Orb.
     0 | D:1      | Reached XP level 1. HP: 16/16 MP: 3/3
    78 | D:1      | Reached skill level 4 in Polearms
    78 | D:1      | Reached XP level 2. HP: 21/22 MP: 5/5
   726 | D:1      | Reached skill level 5 in Polearms
   726 | D:1      | Reached XP level 3. HP: 22/27 MP: 6/6
  1222 | D:2      | Noticed Natasha
  1234 | D:1      | HP: 1/27 [Natasha (7)]
  1237 | D:1      | Killed Natasha
  1237 | D:1      | Reached skill level 6 in Polearms
  1237 | D:1      | Reached XP level 4. HP: 2/33 MP: 3/7
  1766 | D:2      | Noticed Sigmund
  2105 | D:1      | Noticed Natasha
  2111 | D:1      | Killed Natasha
  2111 | D:1      | Reached skill level 7 in Polearms
  2149 | D:1      | Noticed Natasha
  2161 | D:1      | Slain by Natasha

Skill      XL: |  1  2  3  4 |
---------------+-------------+-----
Polearms       | 4 5 6 7 |  7.1
Fighting       | |  2.1
Armour         | |  0.6
Dodging        | |  2.6
Spellcasting   | |  2.0
Charms         | |  3.2

Action                   |  1- 3 |  4- 6 || total
-------------------------+-------+-------++-------
Melee: Spear             |   136 |    26 ||   162
 Cast: Infusion          |     3 |     4 ||     7
  Eat: Chunk             |     1 |     3 ||     4
Armor: Leather armour    |    25 |     4 ||    29
Dodge: Dodged            |    49 |    11 ||    60
